 Dungeon Crawl Stone Soup version 0.31.0 (webtiles) character file.

Game seed: 5869566824027714826

105 qw the Shooter (level 4, -3/28 HPs)
             Began as a Gargoyle Hunter on Jan 20, 2024.
             Slain by a river rat (8 damage)
             ... in a sewer.
             The game lasted 00:00:07 (1653 turns).

qw the Shooter (Gargoyle Hunter)                    Turns: 1653, Time: 00:00:07

Health: -3/28      AC:  7    Str: 15    XL:     4   Next: 83%
Magic:  4/4        EV: 11    Int:  9    God:
Gold:   122        SH:  0    Dex: 15    Spells: 3/3 levels left

rFire   + . .        a - +0 shortbow
rCold   + . .        (shield currently unavailable)
rNeg    + . .        c - +0 leather armour
rPois   inf          e - +0 helmet
rElec   +            d - scarf {rC+ rF+}
rCorr   .            (no gloves)
SInv    .            (no boots)
Will    .....        g - amulet of regeneration
Stlth   +            (no ring)
HPRegen 1.04/turn    (no ring)
MPRegen 0.09/turn

%: no passive effects
@: very slow
A: sickness immunity, AC +3, negative energy resistance 1, electricity
resistance, torment resistance 1, petrification resistance
a: no special abilities


You were in a sewer.
You visited 1 branch of the dungeon, and saw 3 of its levels.
You also visited: Sewer.

You collected 122 gold pieces.


Innate Abilities, Weirdness & Mutations

You are immune to sickness and miasma.
Your stone body is resilient. (AC +3)
You are immune to poison.
You resist negative energy. (rN+)
You are resistant to electric shocks. (rElec)
You are resistant to unholy torment.
You are immune to petrification.


   Skills:
 - Level 3.0 Fighting
 + Level 5.7 Ranged Weapons
 - Level 1.5 Dodging
 - Level 1.1 Stealth


You had 3 spell levels left.
You didn't know any spells.
Your spell library was empty.

Inventory:

Hand Weapons
 a - a +0 shortbow (weapon)
Armour
 c - a +0 leather armour (worn)
 d - a scarf of resistance (worn)
 e - a +0 helmet (worn)
Jewellery
 g - an amulet of regeneration (around neck)

Dungeon Overview and Level Annotations

Branches:
Dungeon (3/15)              Sewer (1/1)

Altars:

Shops:
D:3 =


Message History

The bat barely misses you. The jackal barely misses you.
The jackal bites you but does no damage.
You shoot an arrow. The arrow hits the jackal.
The jackal is lightly wounded.
The bat hits you but does no damage. The jackal closely misses you.
The jackal stops to sniff the ground.
The jackal barely misses you.
You shoot an arrow. The arrow hits the jackal.
The jackal is heavily wounded.
Your surroundings suddenly seem different.
Splash!
You fall into the shallow water.
Moving in this stuff is going to be slow.
A river rat comes into view.
Found 55 gold pieces.
The river rat squeaks loudly.
You hear an angry hiss.
A ball python comes into view. x2
You shoot an arrow. The arrow closely misses the river rat.
You shoot an arrow. The arrow closely misses the river rat.
You shoot an arrow. The arrow closely misses the river rat.
The ball python bites you. The ball python barely misses you.
You shoot an arrow.
The arrow hits the river rat but does no damage.
The river rat bites you! The ball python barely misses you.
The ball python grabs you. The ball python constricts you.
The ball python misses you. The river rat closely misses you.
You shoot an arrow. The arrow hits the ball python.
You kill the ball python!
The ball python bites you but does no damage.
The ball python grabs you. The ball python constricts you.
The ball python closely misses you. The ball python constricts you.
The river rat barely misses you.
You shoot an arrow. The arrow hits the ball python.
The ball python is severely wounded.
The ball python bites you but does no damage.
The ball python constricts you. The river rat barely misses you.
You shoot an arrow. The arrow hits the ball python.
You kill the ball python!
The river rat bites you!
You die...

~~~~~
#~~~#
#~~~#
#~~~#
#~~~#
#~~~#
#~~%#
..#
#~~@#
##..##
#~~r#
#....##
#~~..
##.....#
#~~~~..
#......#
#.~~..$#
\.....#
#$...$##
#h%b.#
##..$##
#\..#
#####
#####


You could see a river rat.

Vanquished Creatures
  A river rat (Sewer)
  An adder (D:3)
  A dart slug (D:1)
  7 ball pythons
  4 endoplasms
  15 giant cockroaches
  6 hobgoblins
  2 jackals (Sewer)
  9 quokkas
  3 bats
  A frilled lizard (D:1)
  6 goblins
  12 kobolds
  5 rats (D:1)
73 creatures vanquished.

Notes
Turn   | Place    | Note
-------+----------+-------------------------------------------
     0 | D:1      | qw the Gargoyle Hunter began the quest for the Orb.
     0 | D:1      | Reached XP level 1. HP: 12/12 MP: 1/1
     0 | D:1      | 0 ||| qw: Version: 0.3-a-132-g3d54051
     0 | D:1      | 0 ||| qw: Game counter: 537
     0 | D:1      | 0 ||| qw: Melee chars always use a shield: true
     0 | D:1      | 0 ||| qw: God list: Okawaru
     0 | D:1      | 0 ||| qw: Allow faded altars: false
     0 | D:1      | 0 ||| qw: Do Orc after clearing Dungeon:15 true
     0 | D:1      | 0 ||| qw: Do second Lair branch before Depths: true
     0 | D:1      | 0 ||| qw: Lair rune preference: random
     0 | D:1      | 0 ||| qw: Goals: Normal
     0 | D:1      | 0 ||| PLANNING D:1-11
   179 | D:1      | Reached XP level 2. HP: 17/17 MP: 2/2
   492 | D:1      | Reached XP level 3. HP: 21/21 MP: 3/3
   523 | D:1      | Reached skill level 5 in Ranged Weapons
   799 | D:1      | 799 ||| UPGRADING to amulet of regeneration.
   804 | D:1      | 804 ||| READING scroll labelled YRHISMODIO.
   805 | D:1      | 805 ||| READING scroll labelled QIPPUW ZINK.
   806 | D:1      | 806 ||| READING 4 scrolls labelled YTIABI ANUOX.
   807 | D:1      | 807 ||| READING scroll labelled ECRON SADGH.
   807 | D:1      | 807 ||| IDENTIFYING blue potion
   808 | D:1      | 808 ||| DROPPING scroll of butterflies.
   809 | D:1      | 809 ||| DROPPING 3 scrolls of immolation.
   810 | D:1      | 810 ||| DROPPING potion of invisibility.
   978 | D:2      | Reached skill level 3 in Fighting
  1055 | D:2      | Reached XP level 4. HP: 28/28 MP: 4/4
  1408 | D:2      | 1408 ||| UPGRADING to scarf of resistance.
  1413 | D:2      | 1413 ||| UPGRADING to +0 helmet.
  1418 | D:2      | 1418 ||| READING scroll of identify.
  1418 | D:2      | 1418 ||| IDENTIFYING glowing silvery potion
  1419 | D:2      | 1419 ||| READING 2 scrolls labelled PECKEP LUQOTT.
  1420 | D:2      | 1420 ||| FLEEEEING.
  1424 | D:2      | 1424 ||| DROPPING potion of ambrosia.
  1456 | D:3      | Found Gadden's Jewellery Boutique.
  1457 | D:3      | 1457 ||| PLANNING SEWER
  1458 | D:3      | 1458 ||| STAIRDANCE
  1481 | D:3      | 1481 ||| SHOPLISTING +5 ring of evasion (504 gold, have
                  | 110).
  1481 | D:3      | 1481 ||| SHOPLISTING ring "Aqaeffek" {^Contam rC+ rN+
                  | Int+2} (456 gold, have 110).
  1481 | D:3      | 1481 ||| SHOPLISTING ring "Texirgh" {rElec rF+ rCorr Str-5
                  | Dex+6} (729 gold, have 110).
  1481 | D:3      | 1481 ||| SHOPLISTING ring of positive energy (280 gold,
                  | have 110).
  1481 | D:3      | 1481 ||| SHOPLISTING ring of protection from fire (350
                  | gold, have 110).
  1614 | D:3      | Found a glowing drain.
  1624 | Sewer    | Entered a sewer
  1642 | Sewer    | HP: 6/28 [river rat (7)]
  1643 | Sewer    | 1643 ||| READING scroll of teleportation.
  1643 | Sewer    | HP: 2/28 [river rat (5)]
  1649 | Sewer    | HP: 7/28 [ball python (2)]
  1650 | Sewer    | HP: 1/28 [river rat (7)]
  1653 | Sewer    | Slain by a river rat

Levels and vault maps discovered:
D:1:      shiori_arrival_maze, layout_basic
D:2:      minmay_roachtagon, layout_basic
D:3:      layout_loops_ring, regret_index_xom_buried_treasure,
          nicolae_overflow_crystal_walls, okawaru_trees_2, gup_sewer_entry_pipe,
          serial_shops, shop, hangedman_decor_push, grunt_ministairs_1,
          kennysheep_decorative_pillar, uniq_grinder, uniq_jessica
Sewer:    sewer_fruit_machine

Skill      XL: |  1  2  3 |
---------------+----------+-----
Ranged Weapons | 5 |  5.7
Fighting       | 3 |  3.0
Dodging        | |  1.5
Stealth        | |  1.1

Action                     |  1- 3 |  4- 6 || total
---------------------------+-------+-------++-------
   Fire: Shortbow          |   113 |    93 ||   206
    Use: Scroll            |     4 |     3 ||     7
 Armour: Leather armour    |    21 |    50 ||    71
  Dodge: Dodged            |    27 |    37 ||    64

Table legend:
 A = Non-vault XP
 B = Vault XP
 C = Vault XP percentage of total XP
 D = Non-vault monster count
 E = Vault monster count
 F = Vault count percentage of total count
                 A         B        C        D         E       F
            +---------+---------+-------+---------+---------+-------
      Total |      92 |      60 |  39.5 |      47 |      26 |  35.6
            +---------+---------+-------+---------+---------+-------
        D:1 |      44 |       2 |   4.3 |      26 |       2 |   7.1
        D:2 |      30 |      26 |  46.4 |      17 |      13 |  43.3
        D:3 |      18 |      12 |  40.0 |       4 |       6 |  60.0
      Sewer |       0 |      20 | 100.0 |       0 |       5 | 100.0
            +---------+---------+-------+---------+---------+-------
